| TOP OF THE 1ST |
|
Corpus Christi Hooks batting - Pitching for Jackson Generals : RHP Devon Washington
|
|
Pitching: RHP Devon Washington
|
|
|
Batting: RHB Ben Hoffman
|
0-0: Called Strike 0-1: Ground out 4-3 (Groundball, 4, EV 85.0 MPH)
|
|
Batting: RHB Mark Cahill
|
0-0: Ball 1-0: Swinging Strike 1-1: SINGLE (Line Drive, 8RS, EV 106.9 MPH)
|
|
Batting: LHB Josh Birkner
|
0-0: Ball 1-0: Called Strike 1-1: Ball 2-1: SINGLE (Line Drive, 78S, EV 106.9 MPH) Mark Cahill to second
|
|
Batting: RHB Bruce Bermudez
|
0-0: Foul Ball, location: 2F 0-1: Ball 1-1: Hit by Pitch Mark Cahill to third Josh Birkner to second
|
|
Batting: RHB Ramon Castellon
|
0-0: Foul Ball, location: 2F 0-1: Foul Ball, location: 2F 0-2: Foul Ball, location: 2F 0-2: Grounds into double play, 6-4-3 (Groundball, 6, EV 85.0 MPH)
|
| Top of the 1st over - 0 runs, 2 hits, 0 errors, 2 left on base; Corpus Christi 0 - Jackson 0 |
| BOTTOM OF THE 1ST |
|
Jackson Generals batting - Pitching for Corpus Christi Hooks : RHP Scott Spillman
|
|
Pitching: RHP Scott Spillman
|
|
|
Batting: RHB Tomokazu Sugimoto
|
0-0: SINGLE (Groundball, 56D, EV 106.9 MPH)
|
|
Batting: RHB Ryan Criollo
|
0-0: Ball Tomokazu Sugimoto steals 2nd, throwing error, E2 Tomokazu Sugimoto to third 1-0: Called Strike 1-1: Foul Ball, location: 2F 1-2: Strikes out looking
|
|
Batting: RHB Julian Gregory
|
0-0: Ball 1-0: Called Strike 1-1: Ball 2-1: Called Strike 2-2: Fly out, F4 (Popup, 23, EV 88.1 MPH)
|
|
Batting: RHB Adan Lake
|
0-0: Ball 1-0: Swinging Strike 1-1: Ground out 5-3 (Groundball, 5, EV 85.6 MPH)
|
| Bottom of the 1st over - 0 runs, 1 hit, 1 error, 1 left on base; Corpus Christi 0 - Jackson 0 |
| TOP OF THE 2ND |
|
Corpus Christi Hooks batting - Pitching for Jackson Generals : RHP Devon Washington
|
|
Batting: LHB Mitchell Casey
|
0-0: Foul Ball, location: 2F 0-1: Ball 1-1: Foul Ball, location: 2F 1-2: Ground out 4-3 (Groundball, 34S, EV 91.9 MPH)
|
|
Batting: RHB Xavier Castaneda
|
0-0: Ball 1-0: Ball 2-0: DOUBLE (Flyball, 78D, EV 102.5 MPH)
|
|
Batting: RHB Masaru Konno
|
0-0: Ball 1-0: Ball 2-0: Ball 3-0: Base on Balls
|
|
Batting: RHB Ben Minge
|
0-0: Ball 1-0: Foul Ball, location: 2F 1-1: Swinging Strike 1-2: Strikes out looking
|
|
Batting: RHB Ben Hoffman
|
0-0: Foul Ball, location: 2F 0-1: Called Strike 0-2: Ball 1-2: Hit by Pitch Xavier Castaneda to third Masaru Konno to second
|
|
Batting: RHB Mark Cahill
|
0-0: Ball 1-0: Called Strike 1-1: Ball 2-1: Fly out, F8 (Flyball, 8LD, EV 75.6 MPH)
|
| Top of the 2nd over - 0 runs, 1 hit, 0 errors, 3 left on base; Corpus Christi 0 - Jackson 0 |
| BOTTOM OF THE 2ND |
|
Jackson Generals batting - Pitching for Corpus Christi Hooks : RHP Scott Spillman
|
|
Batting: RHB Hideo Okimura
|
0-0: Ball 1-0: Called Strike 1-1: Foul Ball, location: 2F 1-2: Ball 2-2: DOUBLE (Line Drive, 7LM, EV 111.9 MPH)
|
|
Batting: SHB Brendan Bundy
|
0-0: Swinging Strike 0-1: Called Strike 0-2: Ball Wild Pitch! Hideo Okimura to third 1-2: Strikes out swinging
|
|
Batting: RHB Victor Rosas
|
0-0: Ball 1-0: Called Strike 1-1: Ball 2-1: Ground out 5-3 (Groundball, 56S, EV 87.5 MPH) Hideo Okimura scores
|
|
Batting: RHB Ching-hsia Zhang
|
0-0: Ball 1-0: Ball 2-0: Ground out 6-3 (Groundball, 6, EV 105.0 MPH)
|
| Bottom of the 2nd over - 1 run, 1 hit, 0 errors, 0 left on base; Corpus Christi 0 - Jackson 1 |
| TOP OF THE 3RD |
|
Corpus Christi Hooks batting - Pitching for Jackson Generals : RHP Devon Washington
|
|
Batting: LHB Josh Birkner
|
0-0: Ball 1-0: Foul Ball, location: 2F 1-1: Ball 2-1: Ball 3-1: Ground out 4-3 (Groundball, 34, EV 110.0 MPH)
|
|
Batting: RHB Bruce Bermudez
|
0-0: Ground out 4-3 (Groundball, 4S, EV 72.5 MPH)
|
|
Batting: RHB Ramon Castellon
|
0-0: Ball 1-0: Called Strike 1-1: Ball 2-1: Foul Ball, location: 2F 2-2: Foul Ball, location: 2F 2-2: Ground out 6-3 (Groundball, 6D, EV 100.0 MPH)
|
| Top of the 3rd over - 0 runs, 0 hits, 0 errors, 0 left on base; Corpus Christi 0 - Jackson 1 |
| BOTTOM OF THE 3RD |
|
Jackson Generals batting - Pitching for Corpus Christi Hooks : RHP Scott Spillman
|
|
Batting: RHB Egidius Kruger
|
0-0: Ball 1-0: Ball 2-0: Foul Ball, location: 2F 2-1: Ground out 6-3 (Groundball, 6S, EV 91.2 MPH)
|
|
Batting: RHB Tomokazu Sugimoto
|
0-0: Called Strike 0-1: Ground out 6-3 (Groundball, 6, EV 86.9 MPH)
|
|
Batting: RHB Ryan Criollo
|
0-0: Called Strike 0-1: Ball 1-1: Ball 2-1: Ball 3-1: Base on Balls
|
|
Batting: RHB Julian Gregory
|
0-0: Ball Ryan Criollo steals 2nd base 1-0: Called Strike 1-1: Fly out, F9 (Line Drive, 9LM, EV 93.1 MPH)
|
| Bottom of the 3rd over - 0 runs, 0 hits, 0 errors, 1 left on base; Corpus Christi 0 - Jackson 1 |
| TOP OF THE 4TH |
|
Corpus Christi Hooks batting - Pitching for Jackson Generals : RHP Devon Washington
|
|
Batting: LHB Mitchell Casey
|
0-0: Called Strike 0-1: Ball 1-1: Foul Ball, location: 2F 1-2: Strikes out swinging
|
|
Batting: RHB Xavier Castaneda
|
0-0: Ball 1-0: Called Strike 1-1: Foul Ball, location: 2F 1-2: Ball 2-2: Foul Ball, location: 2F 2-2: Ground out 6-3 (Groundball, 6, EV 82.5 MPH)
|
|
Batting: RHB Masaru Konno
|
0-0: Foul Ball, location: 2F 0-1: Ball 1-1: Ball 2-1: Called Strike 2-2: Strikes out swinging
|
| Top of the 4th over - 0 runs, 0 hits, 0 errors, 0 left on base; Corpus Christi 0 - Jackson 1 |
| BOTTOM OF THE 4TH |
|
Jackson Generals batting - Pitching for Corpus Christi Hooks : RHP Scott Spillman
|
|
Batting: RHB Adan Lake
|
0-0: Ball 1-0: Ball 2-0: Called Strike 2-1: Called Strike 2-2: Foul Ball, location: 2F 2-2: DOUBLE (Line Drive, 7LM, EV 106.2 MPH)
|
|
Batting: RHB Hideo Okimura
|
0-0: Ground out 4-3 (Groundball, 4, EV 109.4 MPH) Adan Lake to third
|
|
Batting: SHB Brendan Bundy
|
0-0: Swinging Strike 0-1: Ball Wild Pitch! Adan Lake scores 1-1: Fly out, F4 (Line Drive, 4, EV 68.1 MPH)
|
|
Batting: RHB Victor Rosas
|
0-0: Called Strike 0-1: Swinging Strike 0-2: Strikes out swinging
|
| Bottom of the 4th over - 1 run, 1 hit, 0 errors, 0 left on base; Corpus Christi 0 - Jackson 2 |
| TOP OF THE 5TH |
|
Corpus Christi Hooks batting - Pitching for Jackson Generals : RHP Devon Washington
|
|
Batting: RHB Ben Minge
|
0-0: Swinging Strike 0-1: Ball 1-1: Foul Ball, location: 2F 1-2: Ball 2-2: Ground out 6-3 (Groundball, 6S, EV 83.1 MPH)
|
|
Batting: RHB Ben Hoffman
|
0-0: Ball 1-0: Fly out, F4 (Line Drive, 4, EV 73.1 MPH)
|
|
Batting: RHB Mark Cahill
|
0-0: Ground out 6-3 (Groundball, 56, EV 91.9 MPH)
|
| Top of the 5th over - 0 runs, 0 hits, 0 errors, 0 left on base; Corpus Christi 0 - Jackson 2 |
| BOTTOM OF THE 5TH |
|
Jackson Generals batting - Pitching for Corpus Christi Hooks : RHP Scott Spillman
|
|
Batting: RHB Ching-hsia Zhang
|
0-0: Called Strike 0-1: Ground out 5-3 (Groundball, 56, EV 85.0 MPH)
|
|
Batting: RHB Egidius Kruger
|
0-0: Called Strike 0-1: Ball 1-1: Swinging Strike 1-2: Foul Ball, location: 2F 1-2: Strikes out swinging
|
|
Batting: RHB Tomokazu Sugimoto
|
0-0: Ball 1-0: DOUBLE (Line Drive, 3D, EV 100.0 MPH)
|
|
Batting: RHB Ryan Criollo
|
0-0: Called Strike 0-1: Ground out 1-3 (Groundball, 13, EV 68.1 MPH)
|
| Bottom of the 5th over - 0 runs, 1 hit, 0 errors, 1 left on base; Corpus Christi 0 - Jackson 2 |
| TOP OF THE 6TH |
|
Corpus Christi Hooks batting - Pitching for Jackson Generals : RHP Devon Washington
|
|
Batting: LHB Josh Birkner
|
0-0: Called Strike 0-1: SINGLE (Groundball, 34D, EV 94.4 MPH)
|
|
Batting: RHB Bruce Bermudez
|
0-0: Foul Ball, location: 2F Pickoff Throw to First - Error! E1 Josh Birkner to second 0-1: Ball 1-1: Ground out 1-3 (Groundball, P, EV 75.0 MPH) Josh Birkner to third
|
|
Batting: RHB Ramon Castellon
|
0-0: Ground out 5-3 (Groundball, 5, EV 85.6 MPH)
|
|
Batting: LHB Mitchell Casey
|
0-0: Called Strike 0-1: Ball 1-1: Called Strike 1-2: Foul Ball, location: 2F 1-2: Strikes out swinging
|
| Top of the 6th over - 0 runs, 1 hit, 1 error, 1 left on base; Corpus Christi 0 - Jackson 2 |
| BOTTOM OF THE 6TH |
|
Jackson Generals batting - Pitching for Corpus Christi Hooks : RHP Scott Spillman
|
|
Batting: RHB Julian Gregory
|
0-0: Swinging Strike 0-1: Ball 1-1: Swinging Strike 1-2: Strikes out swinging
|
|
Batting: RHB Adan Lake
|
0-0: Swinging Strike 0-1: Foul Ball, location: 2F 0-2: Strikes out looking
|
|
Batting: RHB Hideo Okimura
|
0-0: Swinging Strike 0-1: Ball 1-1: Swinging Strike 1-2: Strikes out swinging
|
| Bottom of the 6th over - 0 runs, 0 hits, 0 errors, 0 left on base; Corpus Christi 0 - Jackson 2 |
| TOP OF THE 7TH |
|
Corpus Christi Hooks batting - Pitching for Jackson Generals : RHP Devon Washington
|
|
Pitching: RHP Rickey DuMire
|
|
|
Batting: RHB Xavier Castaneda
|
0-0: Ball 1-0: Foul Ball, location: 2F 1-1: Foul Ball, location: 2F 1-2: Ground out 5-3 (Groundball, 15, EV 85.6 MPH)
|
|
Batting: RHB Masaru Konno
|
0-0: Called Strike 0-1: Fly out, F8 (Flyball, 8LM, EV 86.2 MPH)
|
|
Batting: RHB Ben Minge
|
0-0: Ball 1-0: Ball 2-0: Foul Ball, location: 2F 2-1: Called Strike 2-2: Fly out, F4 (Popup, 4S, EV 71.2 MPH)
|
| Top of the 7th over - 0 runs, 0 hits, 0 errors, 0 left on base; Corpus Christi 0 - Jackson 2 |
| BOTTOM OF THE 7TH |
|
Jackson Generals batting - Pitching for Corpus Christi Hooks : RHP Scott Spillman
|
|
Batting: SHB Brendan Bundy
|
0-0: Ball 1-0: Foul Ball, location: 2F 1-1: Ball 2-1: Called Strike 2-2: Strikes out looking
|
|
Batting: RHB Victor Rosas
|
0-0: Called Strike 0-1: Ball 1-1: Foul Ball, location: 2F 1-2: Ball 2-2: SINGLE (Line Drive, 6MD, EV 102.5 MPH)
|
|
Batting: RHB Ching-hsia Zhang
|
0-0: Swinging Strike 0-1: Ball 1-1: SINGLE (Groundball, 34D, EV 95.6 MPH) Victor Rosas to second Runner from 2nd tries for 3rd, SAFE, no throw by RF
|
|
Batting: RHB Egidius Kruger
|
0-0: Called Strike 0-1: Called Strike 0-2: Ball 1-2: Ball 2-2: Strikes out looking
|
|
Batting: RHB Tomokazu Sugimoto
|
0-0: Foul Ball, location: 2F 0-1: Foul Ball, location: 2F 0-2: Strikes out looking
|
| Bottom of the 7th over - 0 runs, 2 hits, 0 errors, 2 left on base; Corpus Christi 0 - Jackson 2 |
| TOP OF THE 8TH |
|
Corpus Christi Hooks batting - Pitching for Jackson Generals : RHP Rickey DuMire
|
|
Pinch Hitting: LHB Chris Cabrera
|
0-0: Ball 1-0: Swinging Strike 1-1: Swinging Strike 1-2: Foul Ball, location: 2F 1-2: Foul Ball, location: 2F 1-2: Foul Ball, location: 2F 1-2: Ground out 3-1 (Groundball, 34, EV 102.5 MPH)
|
|
Batting: RHB Mark Cahill
|
0-0: Ball 1-0: Ball 2-0: Ball 3-0: Called Strike 3-1: Foul Ball, location: 2F 3-2: Ground out 3-1 (Groundball, 34, EV 88.8 MPH)
|
|
Batting: LHB Josh Birkner
|
0-0: Swinging Strike 0-1: Called Strike 0-2: Ball 1-2: Ball 2-2: Foul Ball, location: 2F 2-2: Strikes out swinging, 2-3 out at first.
|
| Top of the 8th over - 0 runs, 0 hits, 0 errors, 0 left on base; Corpus Christi 0 - Jackson 2 |
| BOTTOM OF THE 8TH |
|
Jackson Generals batting - Pitching for Corpus Christi Hooks : RHP Scott Spillman
|
|
Now in CF: John Wagner
|
|
|
Batting: RHB Ryan Criollo
|
0-0: SINGLE (Groundball, 34D, EV 98.8 MPH)
|
|
Batting: RHB Julian Gregory
|
0-0: Swinging Strike 0-1: Called Strike 0-2: Ball 1-2: Ground out 5-3 (Groundball, 56S, EV 71.9 MPH) Ryan Criollo to second
|
|
Pitching: LHP Miguel Yepez
|
|
|
Batting: RHB Adan Lake
|
0-0: Called Strike Ryan Criollo steals 3rd base 0-1: Ball 1-1: Foul Ball, location: 2F 1-2: Fly out, F8 (Flyball, 89D, EV 91.9 MPH) Runner from 3rd tags up, SCORES, no throw by CF
|
|
Batting: RHB Hideo Okimura
|
0-0: Ball 1-0: Called Strike 1-1: Ball 2-1: Fly out, F8 (Flyball, 8RM, EV 88.8 MPH)
|
| Bottom of the 8th over - 1 run, 1 hit, 0 errors, 0 left on base; Corpus Christi 0 - Jackson 3 |
| TOP OF THE 9TH |
|
Corpus Christi Hooks batting - Pitching for Jackson Generals : RHP Rickey DuMire
|
|
Pitching: LHP Ben Burton
|
|
|
Batting: RHB Bruce Bermudez
|
0-0: Ball 1-0: Foul Ball, location: 2F 1-1: Foul Ball, location: 2F 1-2: Strikes out swinging
|
|
Batting: RHB Ramon Castellon
|
0-0: Foul Ball, location: 2F 0-1: Called Strike 0-2: Strikes out swinging
|
|
Batting: LHB Mitchell Casey
|
0-0: Foul Ball, location: 2F 0-1: Ball 1-1: Ground out 1-3 (Groundball, P, EV 73.1 MPH)
|
| Top of the 9th over - 0 runs, 0 hits, 0 errors, 0 left on base; Corpus Christi 0 - Jackson 3 |
|